 Seeded DCSS version 0.30.1-4-g462c640d31 (webtiles) character file.

Game seed: 6351066067085065685 (custom seed)

83 Esekla the Magician (level 4, -1/23 (24) HPs)
             Began as a Deep Elf Wanderer on Sept 8, 2023.
             Was a Follower of Vehumet.
             Slain by a gnoll
             ... wielding a +0 spear
              (4 damage)
             ... on level 2 of the Dungeon.
             The game lasted 00:14:25 (1709 turns).

Esekla the Magician (Deep Elf Wanderer)             Turns: 1709, Time: 00:14:25

HP:   -1/23 (24)    AC:  4    Str: 11    XL:     4   Next: 22%
MP:   2/14          EV: 11    Int: 20    God:    Vehumet [*.....]
Gold: 182           SH:  4    Dex: 11    Spells: 5/15 levels left

rFire   . . .        a - +1 short sword (freeze)
rCold   . . .        d - +0 buckler
rNeg    . . .        c - +0 robe
rPois   .            l - +0 helmet
rElec   .            (no cloak)
rCorr   .            n - +0 pair of gloves
SInv    .            (no boots)
Will    .....        (no amulet)
Stlth   ++           (no ring)
HPRegen 0.23/turn    (no ring)
MPRegen 0.14/turn

%: no passive effects
@: very slightly contaminated, lightly drained
A: no striking features
a: Renounce Religion


You were on level 2 of the Dungeon.
You worshipped Vehumet.
Vehumet was aware of your devotion.
You visited 1 branch of the dungeon, and saw 5 of its levels.

You collected 182 gold pieces.

Inventory:

Hand Weapons
 a - a +1 short sword of freezing (weapon)
 r - a +0 spear
 s - the +5 rapier of the Hero {heavy, rN+ Dex+3}
   (You found it on level 3 of the Dungeon)

   Dex:       It affects your dexterity (+3).
   rN:        It protects you from negative energy.
Missiles
 y - 6 poisoned darts (quivered)
Armour
 c - a +0 robe (worn)
 d - a +0 buckler (worn)
 l - a +0 helmet (worn)
 n - a +0 pair of gloves (worn)
Wands
 i - a wand of roots (9)
 q - a wand of flame (15)
Scrolls
 g - a scroll of identify {unknown}
 o - a scroll of amnesia {unknown}
 p - 2 scrolls of enchant weapon {unknown}
 t - a scroll of immolation {unknown}
 u - a scroll of enchant armour {unknown}
 v - a scroll of blinking {unknown}
 w - a scroll of fog {unknown}
 z - a scroll of fear
Potions
 b - a potion of lignification
 e - a potion of ambrosia {unknown}
 f - 2 potions of attraction {unknown}
 h - a potion of heal wounds {unknown}
 j - a potion of haste {unknown}
 k - 2 potions of curing {unknown}
 m - a potion of mutation {unknown}
 x - 2 potions of brilliance {unknown}


   Skills:
 + Level 1.0 Short Blades
 * Level 1.0 Dodging
 + Level 1.4 Stealth
 + Level 1.6 Shields
 * Level 6.0 Spellcasting
 + Level 0.3 Conjurations
 * Level 1.0 Necromancy
 + Level 2.6 Translocations
 + Level 1.0 Invocations


You had 5 spell levels left.
You knew the following spells:

 Your Spells              Type           Power      Damage    Failure   Level
a - Magic Dart            Conj           28%        1d4       14%         1
b - Blink                 Tloc           32%        N/A       8%          2
d - Vampiric Draining     Necr           10%        2d6       30%         3
p - Apportation           Tloc           32%        N/A       5%          1
t - Teleport Other        Tloc           16%        N/A       16%         3

Your spell library contained the following spells:

 Spells                   Type           Power      Damage    Failure   Level
 Sandblast                Erth           12%        2d6       16%         1
 Lesser Beckoning         Tloc           32%        N/A       8%          2
 Gell's Gravitas          Tloc           16%        N/A       16%         3
 Ignite Poison            Fire/Tmut/Pois 6%         N/A       41%         3


Dungeon Overview and Level Annotations

Branches:
Dungeon (5/15)
 Temple: D:4-7

Altars:
Okawaru
Vehumet
Zin

Shops:
D:2 =   D:4 (


Message History

You block the gnoll's attack.
Casting: Vampiric Draining (extremely dangerous; 30% risk of failure)
Confirm with . or Enter, or press ? or * to list all spells.
The spell is extremely dangerous to miscast (30% risk of failure)!
Continue anyway?
Aiming: Vampiric Draining (extremely dangerous; 30% risk of failure)
Press: ? - help, Shift-Dir - straight line, f - gnoll
Aim: a gnoll, wielding a +0 spear You draw life force from the gnoll.
You feel life coursing into your body. The gnoll hits you with a +0 spear.
Casting: Vampiric Draining (extremely dangerous; 30% risk of failure)
Confirm with . or Enter, or press ? or * to list all spells.
The spell is extremely dangerous to miscast (30% risk of failure)!
Continue anyway?
Aiming: Vampiric Draining (extremely dangerous; 30% risk of failure)
Press: ? - help, Shift-Dir - straight line, f/p - gnoll
Aim: a gnoll, wielding a +0 spear (heavily wounded)
You draw life force from the gnoll.
You feel life coursing into your body. The gnoll barely misses you.
Casting: Vampiric Draining (extremely dangerous; 30% risk of failure)
Confirm with . or Enter, or press ? or * to list all spells.
The spell is extremely dangerous to miscast (30% risk of failure)!
Continue anyway?
Aiming: Vampiric Draining (extremely dangerous; 30% risk of failure)
Press: ? - help, Shift-Dir - straight line, f/p - gnoll
Aim: a gnoll, wielding a +0 spear (severely wounded)
You miscast Vampiric Draining.
You are very lightly contaminated with residual magic.
The world around you seems to dim momentarily!
You feel drained.
* * * LOW HITPOINT WARNING * * *
You block the gnoll's attack.
Casting: Vampiric Draining (extremely dangerous; 30% risk of failure)
Confirm with . or Enter, or press ? or * to list all spells.
Okay, then.
You barely miss the gnoll.
The gnoll is severely wounded.
The gnoll hits you with a +0 spear.
* * * LOW HITPOINT WARNING * * *
You barely miss the gnoll.
The gnoll is severely wounded.
The gnoll hits you with a +0 spear.
You die...

####.#####.########.#.##
#....#8.8#....# #.#r#
#.8###...###8.#####.# #
#..+..._...'........#
#(8###...###8.#.####
#.(..#8.8#......#
##.(.#####.....##
##.........####
#....@g...# ###########


You could see a gnoll.

Vanquished Creatures
  An iguana (D:2)
  An adder (D:2)
  2 dart slugs
  2 orcs
  6 ball pythons
  4 bats
  4 endoplasms
  8 goblins
  3 hobgoblins
  A quokka (D:1)
  4 frilled lizards
  5 kobolds
41 creatures vanquished.

Notes
Turn   | Place    | Note
-------+----------+-------------------------------------------
     0 | D:1      | Esekla the Deep Elf Wanderer began the quest for the Orb.
     0 | D:1      | Esekla set off with the following items: a +0 club, a
                  | potion of lignification, a +0 robe, a +0 buckler; and the
                  | following spells available to memorise: Apportation, Blink,
                  | Lesser Beckoning, Magic Dart, Ignite Poison, Vampiric
                  | Draining.
     0 | D:1      | Reached XP level 1. HP: 10/10 MP: 7/7
     2 | D:1      | Learned a level 1 spell: Apportation
     4 | D:1      | Learned a level 1 spell: Magic Dart
   241 | D:2      | Found Renulab's Jewellery Shop.
   359 | D:4      | Found an iron altar of Okawaru.
   370 | D:4      | Found a glowing silver altar of Zin.
   447 | D:4      | Found a radiant altar of Vehumet.
   451 | D:4      | Became a worshipper of Vehumet
   462 | D:4      | Reached XP level 2. HP: 15/15 MP: 6/9
   588 | D:3      | Reached skill level 5 in Spellcasting
   595 | D:3      | Learned a level 2 spell: Blink
   723 | D:4      | Found Ponaysk's Antique Weapon Boutique.
   758 | D:5      | Entered Level 5 of the Dungeon
  1117 | D:3      | Identified the +5 rapier of the Hero {heavy, rN+ Dex+3}
  1135 | D:2      | Reached XP level 3. HP: 19/19 MP: 6/12
  1139 | D:2      | Learned a level 3 spell: Vampiric Draining
  1308 | D:1      | Reached * piety under Vehumet
  1308 | D:1      | Offered knowledge of Sandblast by Vehumet.
  1450 | D:1      | Learned a level 3 spell: Teleport Other
  1670 | D:2      | Found a faded altar of an unknown god.
  1704 | D:2      | Reached skill level 1 in Short Blades
  1704 | D:2      | Reached skill level 1 in Dodging
  1704 | D:2      | Reached skill level 6 in Spellcasting
  1704 | D:2      | Reached skill level 1 in Necromancy
  1704 | D:2      | Reached XP level 4. HP: 12/24 MP: 10/14
  1709 | D:2      | Slain by a gnoll

Illustrated notes

Levels and vault maps discovered:
D:1:      sevenhm_arrival_forest_fort_small_3, layout_rooms,
          chequers_serial_rivers_room_b, minmay_misc_feat_five
D:2:      layout_loops_ring, dreamdust_ecumenical_altar_angels_and_demons,
          serial_shops, shop
D:3:      layout_basic, grunt_temple_overflow_open, minmay_misc_feat_iff
D:4:      layout_basic, nicolae_overflow_quartered_altars, serial_shops,
          nicolae_diamond_shop
D:5:      layout_loops_ring, lemuel_doored_altar, minmay_misc_feat_rows,
          dreamdust_wishing_well

Skill      XL: |  1  2  3 |
---------------+----------+-----
Spellcasting   | 5 6 |  6.0
Short Blades   | 1 |  1.0
Dodging        | 1 |  1.0
Necromancy     | 1 |  1.0
Stealth        | |  1.4
Shields        | |  1.6
Conjurations   | |  0.3
Translocations | |  2.6
Invocations    | |  1.0

Action                     |  1- 3 |  4- 6 || total
---------------------------+-------+-------++-------
  Melee: Short sword       |    86 |     2 ||    88
         Club              |     2 |       ||     2
  Throw: Dart              |     3 |       ||     3
   Cast: Apportation       |    21 |       ||    21
         Magic Dart        |    38 |       ||    38
         Vampiric Draining |     2 |     2 ||     4
    Use: Scroll            |     1 |       ||     1
   Stab: Sleeping          |     2 |       ||     2
 Armour: Robe              |    26 |       ||    26
  Dodge: Dodged            |    40 |     1 ||    41
  Block: Buckler           |    17 |     2 ||    19
